 Dungeon Crawl Stone Soup version 0.27.0-1-g7a089689b8 (webtiles) character file.

Game seed: 9238178586735129978

96 Spaninq the Insei (level 4, -2/32 HPs)
             Began as a Vampire Transmuter on Aug 12, 2021.
             Was a Believer of Wu Jian.
             Slain by a gnoll (12 damage)
             ... on level 3 of the Dungeon.
             The game lasted 00:05:40 (3040 turns).

Spaninq the Insei (Vampire Transmuter)              Turns: 3040, Time: 00:05:41

Health: -2/32      AC:  2    Str: 10    XL:     4   Next: 41%
Magic:  5/7        EV: 12    Int: 15    God:    Wu Jian [**....]
Gold:   174        SH:  0    Dex: 14    Spells: 5/8 levels left

rFire    . . .     SeeInvis +     - Unarmed
rCold    . . .     Faith    .   (no shield)
rNeg     . . .     Spirit   .   a - +0 robe
rPois    .         Reflect  .   (helmet currently unavailable)
rElec    .         Harm     .   (no cloak)
rCorr    .         Rampage  .   (no gloves)
Will     .....                  (boots currently unavailable)
Stlth    +.........             (no amulet)
HPRegen  0.30/turn              (no ring)
MPRegen  0.10/turn              (no ring)

@: appendages (expiring), wereblooded, healing quickly
A: horns 2, talons 2, alive, fangs 3, see invisible, vampiric 2
a: Exsanguinate, End Transformation, Renounce Religion, Wall Jump


You were on level 3 of the Dungeon.
You worshipped Wu Jian.
Wu Jian was pleased with you.
You had temporarily grown beastly horns and talons.
You visited 1 branch of the dungeon, and saw 4 of its levels.

You collected 174 gold pieces.

Inventory:

Armour
 a - a +0 robe (worn)
Jewellery
 h - a ring of positive energy
 i - a ring of fire
Scrolls
 b - a scroll of fog {unknown}
 c - 4 scrolls of teleportation {unknown}
 d - 4 scrolls of identify {unknown}
 e - 2 scrolls of fear {unknown}
 f - 2 scrolls of magic mapping {unknown}
 g - 2 scrolls of vulnerability {unknown}
 l - a scroll of enchant weapon {unknown}
 n - a scroll of enchant armour {unknown}
Potions
 j - 2 potions of flight {unknown}
 k - a potion of attraction {unknown}
 m - a potion of magic {unknown}


   Skills:
 + Level 1.6 Fighting
 + Level 2.8 Dodging
 * Level 4.3 Unarmed Combat
 + Level 2.5 Spellcasting
 + Level 2.8 Transmutations


You had 5 spell levels left.
You knew the following spells:

 Your Spells              Type           Power      Damage    Failure   Level
a - Beastly Appendage     Tmut           20%        N/A       7%          1
b - Wereblood             Tmut           10%        N/A       10%         2

Your spell library contained the following spells:

 Spells                   Type           Power      Damage    Failure   Level
 Static Discharge         Conj/Air       1%         N/A       32%         2
 Spider Form              Tmut/Pois      3%         N/A       34%         3
 Ice Form                 Ice/Tmut       6%         N/A       75%         4
 Dispel Undead            Necr           1%         3d6       91%         4
 Sticky Flame             Conj/Fire      1%         2d3       91%         4


Dungeon Overview and Level Annotations

Branches:
Dungeon (4/15)
 Temple: D:4-7

Altars:
Wu Jian

Annotations:
D:2 Terence


Innate Abilities, Weirdness & Mutations

You have temporarily grown beastly horns and talons.
Your natural rate of healing is accelerated.
You have razor-sharp teeth.
You have supernaturally acute eyesight. (SInv)
You are afflicted with vampirism and can become a bat while bloodless.


Message History

Your horns disappear.
Your talons disappear.
You start resting.
HP restored.
Casting: Beastly Appendage (safe; 7% risk of failure)
Confirm with . or Enter, or press ? or * to list all spells.
You grow a pair of large bovine horns.
Your feet morph into talons.
Casting: Beastly Appendage (safe; 7% risk of failure)
Confirm with . or Enter, or press ? or * to list all spells.
Your blood is infused with primal strength.
You climb downwards.
There is a stone staircase leading up, spattered with blood here.
The gnoll closely misses you.
You lunge at the gnoll.
You barely miss the gnoll. Your kick misses the gnoll. You bite the gnoll.
The gnoll is lightly wounded.
The gnoll hits you from afar with a +0 spear.
The gnoll closely misses you.
There is a stone staircase leading up, spattered with blood here.
The gnoll hits you from afar with a +0 spear.
The gnoll hits you from afar with a +0 halberd.
The gnoll hits you with a +0 halberd.
You climb upwards.
There is a stone staircase leading down here.
You closely miss the gnoll.
The gnoll is lightly wounded.
The gnoll barely misses you.
You closely miss the gnoll.
The gnoll is lightly wounded.
Your transformation is almost over.
The gnoll barely misses you.
You hit the gnoll. You headbutt the gnoll.
The gnoll is moderately wounded.
The gnoll hits you with a +0 halberd.
* * * LOW HITPOINT WARNING * * *
You hit the gnoll but do no damage. You claw the gnoll, but do no damage.
You headbutt the gnoll, but do no damage.
You bite the gnoll.
The gnoll is heavily wounded.
The gnoll hits you with a +0 halberd!
You die...

#....# #<#...................
##.### #.#..#####.#######.#..
#.######.#..#####............
#.................#######.###
########.########.# #.# # #.#
#.# #.### #.# #.# #....
#.########.# #####
#.#..@.....######## #
#.+..g)....'......# #
###........######.# #
#........# #.# # ##########
#.# # #.#### #..... ######


You could see a gnoll.

Vanquished Creatures
  A gnoll (D:3)
  2 adders
  2 worms (D:2)
  2 dart slugs
  An orc (D:3)
  2 ball pythons
  9 endoplasms
  4 giant cockroaches
  5 goblins
  A hobgoblin (D:1)
  5 jackals
  A quokka (D:1)
  5 bats
  6 frilled lizards
  5 kobolds
  4 rats
55 creatures vanquished.

Vanquished Creatures (others)
  A withered plant (D:1)
1 creature vanquished.

Grand Total: 56 creatures vanquished

Notes
Turn   | Place    | Note
-------+----------+-------------------------------------------
     0 | D:1      | Spaninq the Vampire Transmuter began the quest for the Orb.
     0 | D:1      | Reached XP level 1. HP: 14/14 MP: 3/3
   349 | D:1      | Found a faded altar of an unknown god.
   379 | D:1      | Reached skill level 1 in Fighting
   408 | D:1      | Became a worshipper of the Wu Jian Council
   408 | D:1      | Reached * piety under Wu Jian
   618 | D:1      | Reached XP level 2. HP: 18/21 MP: 3/5
   738 | D:1      | Learned a level 2 spell: Wereblood
  1216 | D:2      | Noticed Terence
  1247 | D:2      | Gained mutation: You are afflicted with vampirism and can
                  | become a bat while bloodless. [Vampire growth]
  1247 | D:2      | Reached XP level 3. HP: 21/26 MP: 4/6
  1459 | D:2      | Reached ** piety under Wu Jian
  1460 | D:2      | Reached skill level 4 in Unarmed Combat
  2273 | D:3      | Reached XP level 4. HP: 32/32 MP: 5/7
  2731 | D:3      | Noticed a phantom
  3040 | D:3      | Slain by a gnoll

Illustrated notes

Levels and vault maps discovered:
D:1:      minmay_arrival_widening_spiral_narrow, layout_loops_ring,
          shapermc_ecumenical_altar_gd
D:2:      layout_loops_ring, minmay_lizard_pond, uniq_terence
D:3:      layout_basic
D:4:      layout_loops_ring, led_xom_imps, dk_vineyard_1,
          grunt_decor_one_mirror, uniq_grinder

Skill      XL: |  1  2  3 |
---------------+----------+-----
Fighting       | 1 |  1.6
Unarmed Combat | 4 |  4.3
Dodging        | |  2.8
Spellcasting   | |  2.5
Transmutations | |  2.8

Action                   |  1- 3 |  4- 6 || total
-------------------------+-------+-------++-------
Melee: Unarmed           |   107 |    28 ||   135
       Headbutt          |    20 |     7 ||    27
       Kick              |    20 |     5 ||    25
       Bite              |    11 |     2 ||    13
       Punch             |     1 |       ||     1
 Cast: Beastly Appendage |    28 |     8 ||    36
       Wereblood         |     4 |     2 ||     6
Invok: Lunge             |     8 |     5 ||    13
       Whirlwind         |     1 |       ||     1
 Stab: Sleeping          |     3 |       ||     3
Armor: Robe              |    21 |       ||    21
Dodge: Dodged            |    36 |    16 ||    52
